 Dungeon Crawl Stone Soup version 0.28-a0-843-gb979743d38 (webtiles) character file.

Game seed: 7881662414613570407

39 Iepvzaeh the Shield-Bearer (level 3, 0/33 HPs)
             Began as a Minotaur Fighter on Nov 12, 2021.
             Slain by a ball python (2 damage)
             ... on level 3 of the Dungeon.
             The game lasted 00:03:25 (1311 turns).

Iepvzaeh the Shield-Bearer (Minotaur Fighter)       Turns: 1311, Time: 00:03:26

Health: 0/33       AC:  8    Str: 21    XL:     3   Next: 28%
Magic:  2/2        EV: 10    Int:  5    God:
Gold:   112        SH:  4    Dex:  9    Spells: 2/2 levels left

rFire   . . .      SeeInvis .   b - +0 hunting sling
rCold   . . .      Faith    .   c - +0 buckler
rNeg    + . .      Spirit   .   e - +1 ring mail {rN+}
rPois   .          Reflect  .   (helmet restricted)
rElec   .          Harm     .   (no cloak)
rCorr   .          Rampage  .   g - +0 pair of gloves
Will    .....                   (no boots)
Stlth   ..........              (no amulet)
HPRegen 0.11/turn               (no ring)
MPRegen 0.08/turn               (no ring)

@: lethally poisoned (0 -> -2), slowed, very slow
A: horns 2, retaliatory headbutt
a: no special abilities


You were on level 3 of the Dungeon.
You visited 1 branch of the dungeon, and saw 3 of its levels.

You collected 112 gold pieces.

Inventory:

Hand Weapons
 a - a +0 war axe of venom
 b - a +0 hunting sling (weapon)
Missiles
 j - 43 bolts
 m - 18 sling bullets (quivered ammo)
Armour
 c - a +0 buckler (worn)
 e - a +1 ring mail of positive energy (worn)
 f - a +0 scale mail
 g - a +0 pair of gloves (worn)
 o - a +0 kite shield
Jewellery
 i - an amulet of reflection
Scrolls
 h - a scroll of vulnerability {unknown}
 k - a scroll of blinking {unknown}
 l - 2 scrolls of enchant weapon {unknown}
 n - a scroll of identify {unknown}
 p - a scroll of noise {unknown}
Potions
 d - a potion of might


   Skills:
 + Level 4.0 Fighting
 + Level 3.5 Axes
 + Level 3.9 Armour
 + Level 4.0 Shields


You had 2 spell levels left.
You didn't know any spells.
Your spell library contained the following spells:

 Spells                   Type           Power      Damage    Failure   Level
 Animate Skeleton         Necr           0%         N/A       65%         1
 Pain                     Necr           0%         1d4       65%         1
 Passwall                 Tmut/Erth      0%         N/A       78%         2
 Swiftness                Air            0%         N/A       95%         3
 Vampiric Draining        Necr           0%         2d6       95%         3


Dungeon Overview and Level Annotations

Branches:
Dungeon (3/15)

Altars:
Hepliaklqana


Innate Abilities, Weirdness & Mutations

You have a pair of horns on your head.
You reflexively headbutt those who attack you in melee.


Message History

The ball python bites you but does no damage.
The ball python grabs you. The ball python constricts you.
The ball python bites you. The ball python constricts you.
You shoot a sling bullet. The sling bullet hits the ball python.
You kill the ball python!
HP restored.
m - 18 sling bullets (gained 2)
Found 17 arrows.
m - 19 sling bullets (gained 1)
A kobold brigand comes into view.
It is wielding a +0 dagger and quivering curare-tipped darts.
The kobold brigand shouts!
A ball python comes into view.
You shoot a sling bullet. The ball python hisses angrily.
The sling bullet hits the kobold brigand.
The kobold brigand is lightly wounded.
The kobold brigand throws a curare-tipped dart.
The curare-tipped dart barely misses you.
The kobold brigand throws a curare-tipped dart.
The curare-tipped dart hits you.
You are poisoned.
You have difficulty breathing.
You feel yourself slow down.
You feel very sick.
The kobold brigand throws a curare-tipped dart.
The curare-tipped dart hits you.
You are more poisoned.
You have difficulty breathing.
You feel as though you will be slow longer.
You feel very sick.
* * * LOW HITPOINT WARNING * * *
You feel very sick.
* * * LOW HITPOINT WARNING * * *
You feel sick.
* * * LOW HITPOINT WARNING * * *
You feel sick.
* * * LOW HITPOINT WARNING * * *
You feel sick.
* * * LOW HITPOINT WARNING * * *
You feel sick. The ball python bites you.
You die...

#.. .#..........###.##
...######†..#........#
...# #..)....#......#
#..##.......#...<..#
#..#.......#.#....#
#.........#.#.<..#
###.......†.# #.†..#
#...........# #....#
#.##.....@<.# ######
... #.#.#S#.......
#### #.#...#.......
#..K###....... ###.#
#....... ###..#
#....... #...##
.....>. ##.### .......
#..#


You could see a kobold brigand and a ball python.

Vanquished Creatures
  A worm (D:2)
  An orc (D:3)
  7 ball pythons
  2 endoplasms (D:1)
  A giant cockroach (D:2)
  A goblin (D:1)
  6 hobgoblins
  2 jackals (D:3)
  A quokka (D:2)
  3 bats
  A frilled lizard (D:3)
  3 kobolds
  4 rats (D:1)
33 creatures vanquished.

Notes
Turn   | Place    | Note
-------+----------+-------------------------------------------
     0 | D:1      | Iepvzaeh the Minotaur Fighter began the quest for the Orb.
     0 | D:1      | Reached XP level 1. HP: 19/19 MP: 0/0
    82 | D:1      | Reached XP level 2. HP: 16/27 MP: 1/1
   315 | D:1      | Found a faded altar of an unknown god.
   911 | D:2      | Found a hazy altar of Hepliaklqana.
   923 | D:2      | Reached XP level 3. HP: 33/33 MP: 2/2
  1204 | D:3      | Noticed a black bear
  1299 | D:3      | Noticed a kobold brigand
  1311 | D:3      | Slain by a ball python

Illustrated notes

Levels and vault maps discovered:
D:1:      amcnicky_arrival_wind_blow, layout_rooms,
          shapermc_ecumenical_altar_mp_urbaneastern
D:2:      layout_loops_ring, basic_altar
D:3:      layout_rooms, nrook_loot_triangle, grunt_ministairs_3,
          lightli_corner_chamber

Skill      XL: |  1  2 |
---------------+-------+-----
Shields        | 4 |  4.0
Axes           | 3 |  3.5
Fighting       | 4 |  4.0
Armour         | |  3.9

Action                   || total
-------------------------++-------
Melee: War axe           ||    33
       Headbutt          ||     5
 Fire: Hunting sling     ||    29
Armor: Scale mail        ||     3
       Ring mail         ||     8
Dodge: Dodged            ||    20
Block: Buckler           ||     7

Table legend: (Time is in decaauts)
 A = Elapsed time spent in this place.
 B = Non-inter-level travel time spent in this place.
 C = Inter-level travel time spent in this place.
 D = Time resting spent in this place.
 E = Time spent auto-exploring this place.
 F = Levels seen in this place.
 G = Mean time per level.
                   A        B        C        D        E       F      G
               +--------+--------+--------+--------+--------+-----+--------+
         Total |   1329 |   1307 |     22 |      0 |   1045 |   3 |  443.0 |
       Dungeon |   1329 |   1307 |     22 |      0 |   1045 |   3 |  443.0 |
               +--------+--------+--------+--------+--------+-----+--------+

Top non-repeatable levels by time:
     D:1: 613 daAuts
     D:2: 577 daAuts
     D:3: 138 daAuts
